 Dungeon Crawl Stone Soup version 0.30-a0-439-g9e77e4d916 (webtiles) character file.

Game seed: 2590693106922008283

347387 Shayle the Thanatomancer (level 21, 0/168 HPs)
             Began as a Demonspawn Reaver on Dec 10, 2022.
             Was an Initiate of Gozag.
             Slain by a deep elf blademaster
             ... wielding a +2 rapier of holy wrath
              (24 damage)
             ... on level 3 of the Elven Halls on Dec 11, 2022.
             The game lasted 05:15:17 (63563 turns).

Shayle the Thanatomancer (Demonspawn Reaver)       Turns: 63563, Time: 05:15:18

Health: 0/168      AC: 22    Str: 13    XL:     21   Next: 21%
Magic:  23/33      EV: 18    Int: 29    God:    Gozag
Gold:   874        SH:  0    Dex: 18    Spells: 11/36 levels left

rFire   + . .      SeeInvis .    D - +6 quick blade "Cilaplel" {flame, rC+ Int+6}
rCold   + + .      Faith    .    (no shield)
rNeg    . . .      Spirit   .    A - +2 robe {rC+}
rPois   +          Reflect  .    M - +2 hat
rElec   .          Harm     .    q - +2 cloak
rCorr   +          Rampage  .    (gloves unavailable)
Will    +....                    y - +3 pair of boots of the Eight Olives {rPois Int+2}
Stlth   +++++.....               E - amulet of Impatience {+Blink rF+ Regen+ Stlth+}
HPRegen 1.28/turn                z - +4 ring of protection
MPRegen 0.23/turn                (no ring)

@: mighty, brilliant, invisible
A: yellow scales 3, demonic guardian 3, foul stench 3, demonic touch 3, agile 1,
mutation resistance 1, sturdy frame 1
}: 2/15 runes: decaying, gossamer
a: Renounce Religion, Evoke Blink, Potion Petition, Call Merchant, Bribe Branch


You were on level 3 of the Elven Halls.
You worshipped Gozag.
Gozag was pleased with you.
You visited 8 branches of the dungeon, and saw 38 of its levels.
You visited the Abyss 1 time.
You also visited: Sewer, Ossuary, Gauntlet and Ice Cave.

You collected 16579 gold pieces.
You spent 3350 gold pieces at shops.
You paid 12355 gold pieces to Gozag.

Inventory:

Hand Weapons
 r - the +3 dagger of Trauma {spect, +Blink rPois Int+4}
   (You found it on level 3 of the Dungeon)

   When its wielder attacks, the weapon's spirit leaps out and strikes again.
   The spirit shares a part of any damage it takes with its wielder.
   Int:       It affects your intelligence (+4).
   rPois:     It protects you from poison.
   +Blink:    It lets you blink.
 D - the +6 quick blade "Cilaplel" (weapon) {flame, rC+ Int+6}
   (You acquired it on level 6 of the Dungeon)

   It burns those it strikes, dealing additional fire damage.
   Int:       It affects your intelligence (+6).
   rC:        It protects you from cold.
 I - the +6 rapier "Echumat" {venom, Will- rCorr Dex+3}
   (You found it on level 9 of the Dungeon)

   It poisons the flesh of those it strikes.
   Dex:       It affects your dexterity (+3).
   rCorr:     It protects you from acid and corrosion.
   Will:      It decreases your willpower.
 X - the +5 war axe of Ozastrau {drain, rElec rPois rF+}
   (You found it on level 1 of the Lair of Beasts)

   A truly terrible weapon, it drains the life of any living foe it strikes.
   rF:        It protects you from fire.
   rElec:     It insulates you from electricity.
   rPois:     It protects you from poison.
Missiles
 c - a datura-tipped dart (quivered)
 k - 38 poisoned darts
 t - 6 curare-tipped darts
 V - a throwing net
Armour
 i - a +1 kite shield of cold resistance
 q - a +2 cloak (worn)
 y - the +3 pair of boots of the Eight Olives (worn) {rPois Int+2}
   (You acquired it on level 12 of the Dungeon)

   Int:       It affects your intelligence (+2).
   rPois:     It protects you from poison.
 A - a +2 robe of cold resistance (worn)
 M - a +2 hat (worn)
 N - the +3 ring mail of Calculation {Fly rCorr Stlth+}
   (You found it on level 7 of the Dungeon)

   Fly:       It grants you flight.
   rCorr:     It protects you from acid and corrosion.
   Stlth:     It makes you more stealthy.
 U - a +2 robe of fire resistance
Jewellery
 o - the ring of Cuicuhuh {rPois rF++ rN+++ Will- Str+4}
   (You bought it in a shop on level 11 of the Dungeon)

   [ring of poison resistance]

   Str:       It affects your strength (+4).
   rF:        It greatly protects you from fire.
   rPois:     It protects you from poison.
   rN:        It renders you almost immune to negative energy.
   Will:      It decreases your willpower.
 z - a +4 ring of protection (left hand)
 E - the amulet of Impatience (around neck) {+Blink rF+ Regen+ Stlth+}
   (You found it in a Gauntlet)

   [amulet of regeneration]

   rF:        It protects you from fire.
   +Blink:    It lets you blink.
   Regen:     It increases your rate of health regeneration.
   Stlth:     It makes you more stealthy.
 F - a ring of see invisible
 H - a +6 ring of intelligence
Wands
 b - a wand of iceblast (2)
 p - a wand of charming (23)
Scrolls
 a - 2 scrolls of fear
 e - 7 scrolls of butterflies
 n - 17 scrolls of teleportation
 s - 5 scrolls of summoning
 u - 3 scrolls of poison
 v - a scroll of amnesia
 w - 7 scrolls of blinking
 G - a scroll of brand weapon
 K - 5 scrolls of magic mapping
 S - 8 scrolls of vulnerability
 Y - 3 scrolls of silence
Potions
 d - 3 potions of might
 f - 5 potions of mutation
 g - 8 potions of lignification
 h - 4 potions of cancellation
 j - a potion of flight
 l - 3 potions of resistance
 m - 6 potions of curing
 x - a potion of magic
 B - 10 potions of haste
 C - 6 potions of ambrosia
 J - a potion of berserk rage
 L - a potion of heal wounds
 P - 4 potions of brilliance
 Q - a potion of invisibility


   Skills:
 - Level 15.0 Fighting
 - Level 8.0 Short Blades
 - Level 2.6 Axes
 - Level 10.8 Armour
 - Level 10.0 Dodging
 - Level 9.7 Stealth
 - Level 8.4 Spellcasting
 - Level 5.0 Conjurations
 - Level 25.9 Necromancy
 + Level 12.0 Fire Magic
 - Level 6.0 Ice Magic
 - Level 5.4 Earth Magic
 - Level 7.4 Evocations


You had 11 spell levels left.
You knew the following spells:

 Your Spells              Type           Power      Damage    Failure   Level
a - Kiss of Death         Conj/Necr      100%       2d13      0%          1
b - Hailstorm             Conj/Ice       60%        3d13      1%          3
c - Borgnjor's Vile Clut  Necr/Erth      50%        N/A       1%          5
d - Infestation           Necr           63%        N/A       1%          8
e - Ignition              Fire           44%        3d13      91%         8

Your spell library contained the following spells:

 Spells                   Type           Power      Damage    Failure   Level
 Necrotise                Necr           100%       1d9       0%          1
 Sublimation of Blood     Necr           100%       N/A       0%          2
 Vampiric Draining        Necr           100%       2d13      0%          3
 Dispel Undead            Necr           100%       3d31      0%          4
 Agony                    Necr           100%       N/A       0%          5
 Foxfire                  Conj/Fire      100%       2x1d9     1%          1
 Freeze                   Ice            100%       1d10      1%          1
 Magic Dart               Conj           100%       1d8       1%          1
 Cigotuvi's Dreadful Rot  Necr/Pois/Air  100%       N/A       1%          2
 Searing Ray              Conj           100%       2d8       1%          2
 Stone Arrow              Conj/Erth      100%       3d13      1%          3
 Flame Wave               Conj/Fire      75%        2d17      1%          4
 Sticky Flame             Conj/Fire      75%        2d9       1%          4
 Momentum Strike          Conj/Tloc      80%        3d10      2%          2
 Ignite Poison            Fire/Tmut/Pois 52%        N/A       2%          3
 Apportation              Tloc           36%        N/A       4%          1
 Beastly Appendage        Tmut           36%        N/A       4%          1
 Sting                    Tmut/Pois      72%        1d6       4%          1
 Summon Small Mammal      Summ           72%        N/A       4%          1
 Blink                    Tloc           36%        N/A       7%          2
 Poisonous Vapours        Pois/Air       36%        N/A       7%          2
 Wereblood                Tmut           18%        N/A       7%          2
 Mephitic Cloud           Conj/Pois/Air  32%        N/A       7%          3
 Call Canine Familiar     Summ           18%        N/A       13%         3
 Gell's Gravitas          Tloc           18%        N/A       13%         3
 Lesser Beckoning         Tloc           36%        N/A       13%         3
 Portal Projectile        Hex/Tloc       36%        N/A       13%         3
 Spider Form              Tmut/Pois      18%        N/A       13%         3
 Swiftness                Air            18%        N/A       13%         3
 Teleport Other           Tloc           18%        N/A       13%         3
 Tukima's Dance           Hex            18%        N/A       13%         3
 Vhi's Electric Charge    Tloc/Air       36%        N/A       13%         3
 Lee's Rapid Deconstruct  Erth           30%        3d16*     13%         5
 Animate Armour           Summ/Erth      82%        N/A       14%         4
 Leda's Liquefaction      Hex/Erth       20%        N/A       14%         4
 Fulminant Prism          Conj/Hex       20%        3d12      16%         4
 Haunt                    Necr/Summ      46%        N/A       19%         7
 Metabolic Englaciation   Hex/Ice        22%        N/A       34%         5
 Olgreb's Toxic Radiance  Pois           18%        N/A       41%         4
 Summon Lightning Spire   Summ/Air       18%        N/A       41%         4
 Arcjolt                  Conj/Air       20%        1d30      41%         5
 Irradiate                Conj/Tmut      20%        3d18      41%         5
 Lightning Bolt           Conj/Air       20%        1d35      41%         5
 Alistair's Intoxication  Tmut/Pois      12%        N/A       77%         5
 Blade Hands              Tmut           9%         N/A       77%         5
 Statue Form              Tmut/Erth      27%        N/A       92%         6
 Conjure Ball Lightning   Conj/Air       20%        3x3d6     94%         6
 Ozocubu's Refrigeration  Ice            31%        4d14      97%         7
 Dispersal                Tloc           9%         N/A       100%        6
 Summon Cactus Giant      Summ           9%         N/A       100%        6
 Dragon Form              Tmut           9%         N/A       100%        7
 Spellforged Servitor     Conj/Summ      20%        N/A       100%        7
 Storm Form               Tmut/Air       9%         N/A       100%        7
 Lehudib's Crystal Spear  Conj/Erth      29%        10d8      100%        8
 Maxwell's Capacitive Co  Air            9%         ∞         100%        8
 Animate Dead             Necr           Unusable   N/A       N/A         4

Dungeon Overview and Level Annotations

Branches:
Dungeon (15/15)            Temple (1/1) D:7            Lair (5/5) D:11
  Swamp (4/4) Lair:3       Spider (4/4) Lair:3        Slime (0/5) Lair:4
    Orc (2/2) D:11            Elf (3/3) Orc:2        Vaults (4/5) D:14
  Crypt (0/3) Vaults:3     Depths (0/4) D:15          Sewer (visited)
Ossuary (visited)           IceCv (visited)         Gauntlet (visited)

Altars:
Cheibriados
Dithmenos
Gozag
Hepliaklqana
Kikubaaqudgha
Makhleb
Nemelex Xobeh
Qazlal
Sif Muna
Xom
Yredelemnul

Shops:
D:8 :   D:9 !   D:11 =   D:12 :(*?   Orc:2 [([[   Elf:2 [*[=[   Vaults:4 [

Annotations:
Lair:2 3 runed translucent doors, Takou's ghost, journeyman AtFi
Swamp:1 1 runed translucent door, MrSquiggles's ghost, journeyman MiFi


Innate Abilities, Weirdness & Mutations

You are completely covered in yellow scales. (AC +4, rCorr)
A powerful demonic guardian rushes to your aid.
You frequently emit foul miasma when damaged in melee.
Your touch may irresistibly damage your foes and sap their willpower.
You are agile. (Dex +4, Str/Int -1)
You are somewhat resistant to further mutation.
Your movements are slightly less encumbered by armour. (ER -2)


Message History

You hear a shout! x2
Unknown command.
You puncture the deep elf zephyrmancer! You burn the deep elf zephyrmancer.
The deep elf zephyrmancer is almost dead.
Unknown command.
You barely miss the deep elf zephyrmancer.
You punch the deep elf zephyrmancer.
The deep elf zephyrmancer is almost dead.
The deep elf blademaster is engulfed in dark miasma.
The deep elf blademaster looks as sick as possible!
The deep elf blademaster seems to slow down.
The deep elf blademaster hits you with a +2 rapier of holy wrath!
You convulse!
* * * LOW HITPOINT WARNING * * *
The deep elf blademaster hits you with a +2 rapier of holy wrath.
* * * LOW HITPOINT WARNING * * *
You convulse.
* * * LOW HITPOINT WARNING * * *
Your balrug hits the deep elf zephyrmancer with a +2 demon whip of electrocution!!
The deep elf zephyrmancer dies!
A death scarab bursts from the deep elf zephyrmancer!
Unknown command.
Okay, then. [a] - 736 gold - resistance, invisibility, might and haste [b] - 280 gold - resistance [c] - 696 gold - brilliance, magic, invisibility and might Purchase which effect?
You no longer have enough gold to fund merchants seeking to open stores in the dungeon.
You feel clever all of a sudden. Magic courses through your body.
You fade into invisibility!
You feel very mighty all of a sudden.
The deep elf blademaster is no longer moving slowly.
The deep elf blademaster is engulfed in dark miasma.
The deep elf blademaster looks as sick as possible!
The deep elf blademaster completely misses you.
The deep elf blademaster hits you with a +2 rapier of holy wrath!!
* * * LOW HITPOINT WARNING * * *
You convulse!!
You die...
Your body crumbles into a pile of gold.

$$ $ $ #### $$ ####... $$
$ #....⌠. $ .......#######
#+# .....e§eeee@)### #.#
.......ee###2..###.#
.....e1..4...#..##.####...
.......#######<...<.....#
#....⌠. $#####.######
####... $ #.# #### $ #.#
#.# $ #.# ####


You could see a deep elf blademaster (unable to see you, infested, extremely
poisoned, ally target), a deep elf master archer (unable to see you, infested),
2 deep elf death magi, an Executioner (summoned), a deep elf elementalist (fast,
repels missiles, infested), a deep elf demonologist (infested), a deep elf
archer (repels missiles, unable to see you), a deep elf knight (unable to see
you) and a friendly balrug (summoned).

Vanquished Creatures
  Frederick (Vaults:2)
  Bai Suzhen (Spider:3)
  Saint Roka (Orc:2)
  Xtahua (Vaults:3)
  Jory (Vaults:2)
  Nikola (Swamp:2)
  A tentacled monstrosity (Swamp:2)
  Jorgrun (Swamp:1)
  Rupert (D:15)
  Asterion (Spider:4)
  Zenata (Vaults:2)
  A deep elf blademaster (Elf:2)
  Mlioglotl (Spider:3)
  3 thorn hunters
  A sphinx (Vaults:3)
  Frances (Elf:1)
  Roxanne (D:15)
  Donald (Swamp:1)
  The ghost of sirJeffrey23 the Eclecticist, an adept DrFE of Jiyva (Swamp:2)
  The ghost of flotson the Nimble, an adept DsDe of Hepliaklqana (Swamp:3)
  2 fenstrider witches (Swamp:4)
  A fire giant (Vaults:1)
  2 emperor scorpions
  4 ghost moths
  Louise (Elf:1)
  5 vault wardens
  5 ghouls
  An orc warlord (Orc:2)
  A quicksilver ooze (Gauntlet)
  10 ironbound preservers
  2 very ugly things
  A war gargoyle (Vaults:4)
  4 ironbound thunderhulks
  Nessos (D:14)
  A starcursed mass (Abyss:2)
  2 eleionomae
  6 spark wasps
  8 dire elephants
  3 bunyips
  A minotaur (Gauntlet)
  2 deep elf annihilators
  Azrael (D:15)
  The ghost of Pijotal the Thaumaturge, a journeyman DjEE of Ashenzari (D:14)
  Snorg (D:11)
  The ghost of Fetysam the Nimble, a journeyman GnWn of Uskayaw (D:13)
  3 great orbs of eyes
  6 entropy weavers
  A shambling mangrove (Swamp:3)
  Josephine (D:13)
  7 vault guards
  5 yaktaur captains
  6 jorogumos
  Fannar (D:11)
  3 peacekeepers
  17 hydras
  13 centaur warriors
  5 catoblepae
  10 ironbound frosthearts
  7 ghost crabs
  6 boulder beetles
  A radroach (Spider:1)
  15 dancing weapons
  Erica (D:10)
  4 two-headed ogres
  10 alligators
  7 death yaks (Lair:5)
  Urug (Orc:2)
  2 thrashing horrors (Abyss:2)
  An orc high priest (Orc:2)
  Sonja (Lair:5)
  The ghost of GiantSquids the Cleaver, a novice HOBe of Trog (D:7)
  9 deep elf knights
  2 wretched stars (Abyss:2)
  5 goliath frogs
  A skeletal warrior (D:15)
  3 sun moths
  6 spriggan druids
  10 steelbarb worms
  8 swamp dragons
  A glowing orange brain (Vaults:1)
  6 pharaoh ants
  8 orb spiders
  A flayed ghost (D:15)
  4 bog bodies
  3 wizards
  23 deep trolls
  2 deep elf archers (Elf:1)
  4 necromancers
  12 ironbound convokers
  8 lindwurms
  7 orc knights
  A faun (shapeshifter) (Elf:1)
  17 deep elf pyromancers
  12 deep elf zephyrmancers
  3 orc sorcerers (Orc:2)
  15 ugly things
  3 manticores
  An oklob plant (Swamp:2)
  3 will-o-the-wisps
  2 moths of wrath (Spider:4)
  4 cyclopes
  21 wolf spiders
  A worldbinder (Abyss:2)
  8 elephants
  Maurice (Orc:2)
  4 black mambas (Lair:5)
  5 vault sentinels
  A black mamba (shapeshifter) (Spider:4)
  A guardian serpent (Lair:5)
  A rust devil (Gauntlet)
  A molten gargoyle (Gauntlet)
  5 apocalypse crabs (Swamp:3)
  2 ice statues (Elf:1)
  4 gargoyles
  13 cane toads
  4 torpor snails
  A spectral unseen horror (D:7)
  2 human zombies (Vaults:4)
  5 demonic crawlers
  8 komodo dragons
  2 kobold demonologists (D:11)
  An orange demon (Abyss:2)
  A rime drake (Lair:5)
  6 freezing wraiths (IceCv)
  10 yaktaurs
  2 tengu conjurers (D:14)
  An efreet (D:14)
  2 anaconda simulacra (IceCv)
  A golden dragon simulacrum (IceCv)
  A polar bear (Lair:5)
  A bloated husk (Swamp:3)
  5 trolls
  4 tyrant leeches
  6 meliai
  A large abomination (Abyss:2)
  11 hornets
  4 blink frogs (Lair:5)
  3 raiju (Abyss:2)
  20 tarantellas
  7 slime creatures
  A snapping turtle (shapeshifter) (D:13)
  A stone giant simulacrum (Vaults:4)
  5 dream sheep (Lair:4)
  32 jumping spiders
  10 spriggans
  3 water elementals
  An air elemental (Abyss:2)
  Eustachio (D:5)
  16 culicivoras
  6 wraiths
  3 dire elephant simulacra (IceCv)
  3 vampires
  A ynoxinul (Gauntlet)
  4 basilisks
  18 humans (D:14)
  8 wyverns
  37 yaks
  A neqoxec (Abyss:2)
  71 redbacks
  2 fire elementals
  4 vampire mosquitoes
  3 harpy simulacra
  3 wargs
  2 acid dragons
  21 swamp worms
  2 small abominations (Abyss:2)
  16 water moccasins
  2 hell hounds
  2 hydra simulacra (IceCv)
  46 orc warriors
  A sky beast (D:6)
  4 ice beasts
  An alligator simulacrum (IceCv)
  9 swamp drakes
  3 black bears
  34 wolves
  4 boggarts (D:15)
  20 centaurs
  8 ogres
  2 phantoms
  5 kobold brigands
  10 bullfrogs
  3 gnoll sergeants
  An elf zombie (Ossuary)
  3 scorpions
  A necrophage (Swamp:2)
  An earth elemental (Elf:3)
  9 wights
  3 lindwurm simulacra (IceCv)
  3 killer bees (D:9)
  6 howler monkeys
  An iron imp (Abyss:2)
  3 jellies
  A centaur skeleton (D:7)
  20 orc priests
  2 gnoll boudas
  3 hounds
  Natasha (thrice) (D:2)
  6 iguanas
  32 orc wizards
  A centaur simulacrum (D:7)
  3 mummies (Ossuary)
  20 gnolls
  A howler monkey skeleton (D:7)
  12 adders
  2 river rats (Sewer)
  A white imp (D:7)
  An ufetubus (D:5)
  4 adder zombies (Ossuary)
  A worm (D:2)
  3 dart slugs
  104 orcs
  4 bats
  10 endoplasms
  5 giant cockroaches
  6 goblins
  10 hobgoblins
  2 quokkas (D:3)
  8 ball pythons
  7 frilled lizards
  3 goblin zombies (Ossuary)
  A hobgoblin zombie (Ossuary)
  21 kobolds
  5 kobold zombies (Ossuary)
  2 quokka zombies (Ossuary)
  10 rats
  2 rat zombies (Ossuary)
1361 creatures vanquished.

Vanquished Creatures (collateral kills)
  A tentacled monstrosity (Swamp:4)
  A tengu reaver (Vaults:3)
  A thorn hunter (Swamp:4)
  A vault warden (Vaults:1)
  An orc warlord (Vaults:2)
  Aizul (Vaults:1)
  A ghost moth (Spider:4)
  7 ironbound preservers
  4 very ugly things
  2 ironbound thunderhulks
  5 dire elephants
  2 spark wasps (Spider:3)
  A deep elf death mage (Elf:1)
  A great orb of eyes (Vaults:3)
  2 yaktaur captains (Vaults:3)
  2 ice dragons (D:15)
  9 vault guards
  2 ironbound frosthearts
  A boulder beetle (Vaults:1)
  3 dancing weapons
  4 centaur warriors
  A death knight (D:15)
  2 deep elf knights
  A skeletal warrior (D:15)
  A glowing orange brain (Vaults:3)
  2 orange crystal statues (IceCv)
  5 swamp dragons
  29 deep trolls
  An orc knight (Vaults:2)
  3 deep elf archers
  6 lindwurms
  3 deep elf pyromancers
  2 ironbound convokers
  A wizard (Vaults:3)
  8 deep elf zephyrmancers
  8 slime creatures
  5 ugly things
  2 elephants (Lair:4)
  5 vault sentinels
  A cane toad (Lair:5)
  A demonic crawler (Spider:3)
  A komodo dragon (Lair:2)
  7 yaktaurs
  An efreet (D:13)
  A troll (D:11)
  A tyrant leech (Swamp:4)
  A meliai (shapeshifter) (D:15)
  A jumping spider (Spider:2)
  An air elemental (Elf:1)
  A vampire (D:10)
  3 wraiths
  A human (D:14)
  A redback (Spider:2)
  2 vampire mosquitoes (Swamp:1)
  2 swamp worms
  3 water moccasins
  A swamp drake (Swamp:4)
  3 orc warriors (Orc:2)
  8 wolves
  An orc priest (Orc:2)
  An orc wizard (D:9)
  3 gnolls
  A white imp (D:7)
  4 orcs (Orc:2)
188 creatures vanquished.

Vanquished Creatures (others)
  A hydra (Swamp:4)
  A spriggan druid (Swamp:3)
  A lindwurm (Vaults:2)
  A cane toad (Lair:5)
  A demonic crawler (Spider:4)
  A yaktaur (Vaults:2)
  A blink frog (Lair:5)
  A golden eye (shapeshifter) (D:15)
  An orc warrior (Orc:2)
  8 foxfires
  28 fungi
  61 plants
  2 withered plants (D:14)
108 creatures vanquished.

Grand Total: 1657 creatures vanquished

Notes
Turn   | Place    | Note
-------+----------+-------------------------------------------
     0 | D:1      | Shayle the Demonspawn Reaver began the quest for the Orb.
     0 | D:1      | Reached XP level 1. HP: 16/16 MP: 3/3
   153 | D:1      | Gained mutation: You are partially covered in yellow
                  | scales. (AC +2) [demonic ancestry]
   153 | D:1      | Reached XP level 2. HP: 22/22 MP: 5/5
   299 | D:1      | Reached skill level 1 in Stealth
   322 | D:1      | Reached skill level 1 in Armour
  1110 | D:2      | Gained mutation: Your touch may inflict minor irresistible
                  | damage on your foes. [demonic ancestry]
  1110 | D:2      | Reached XP level 3. HP: 27/28 MP: 6/6
  1140 | D:2      | Noticed Natasha
  1155 | D:2      | Found a faded altar of an unknown god.
  1171 | D:2      | Learned a level 3 spell: Hailstorm
  1639 | D:2      | Reached XP level 4. HP: 35/35 MP: 7/7
  1944 | D:2      | Killed Natasha
  2164 | D:2      | You fall into a shaft and drop 1 floor!
  2276 | D:3      | Identified the +3 dagger of Trauma {spect, +Blink rPois
                  | Int+4}
  2425 | D:3      | Gained mutation: Your touch may inflict irresistible damage
                  | on your foes. [demonic ancestry]
  2425 | D:3      | Reached XP level 5. HP: 26/41 MP: 8/8
  2526 | D:3      | Found a glowing drain.
  2543 | Sewer    | Entered a sewer
  3030 | D:3      | Found a sparkling altar of Nemelex Xobeh.
  3307 | D:2      | Noticed Natasha
  3316 | D:2      | Killed Natasha
  3317 | D:2      | Reached XP level 6. HP: 40/48 MP: 9/9
  3651 | D:2      | Noticed Natasha
  3955 | D:2      | Killed Natasha
  4527 | D:4      | Found a shadowy altar of Dithmenos.
  4684 | D:4      | Reached XP level 7. HP: 55/55 MP: 10/10
  4759 | D:4      | Found a burning altar of Makhleb.
  4789 | D:5      | Entered Level 5 of the Dungeon
  5015 | D:5      | Reached skill level 1 in Ice Magic
  5018 | D:5      | Noticed Eustachio
  5050 | D:5      | Reached skill level 5 in Fighting
  5221 | D:5      | Found a hazy altar of Hepliaklqana.
  5287 | D:5      | Reached XP level 8. HP: 35/62 MP: 12/12
  5659 | D:5      | Found a stormy altar of Qazlal.
  5675 | D:5      | Found an opulent altar of Gozag.
  5724 | D:5      | Became a worshipper of Gozag Ym Sagoz the Greedy
  5970 | D:6      | Found a sand-covered staircase.
  5975 | Ossuary  | Entered an ossuary
  6691 | D:6      | Reached skill level 5 in Armour
  6846 | D:6      | Reached skill level 5 in Conjurations
  6846 | D:6      | Gained mutation: A weak demonic guardian rushes to your
                  | aid. [demonic ancestry]
  6846 | D:6      | Reached XP level 9. HP: 27/69 MP: 15/15
  6863 | D:6      | Identified a scroll of acquirement
  6864 | D:6      | Acquired the +6 quick blade "Cilaplel" {flame, rC+ Int+6}
  7115 | D:6      | Reached skill level 1 in Short Blades
  7744 | D:7      | Identified the +3 ring mail of Calculation {Fly rCorr
                  | Stlth+}
  7919 | D:7      | Found a staircase to the Ecumenical Temple.
  7924 | Temple   | Entered the Ecumenical Temple
  8028 | D:7      | Found a runed translucent gate.
  8028 | D:7      | Found a runed translucent gate.
  8028 | D:7      | Found a runed translucent gate.
  8029 | D:7      | Noticed a spectral unseen horror
  8195 | D:7      | Reached skill level 5 in Stealth
  8255 | D:7      | Noticed GiantSquids's ghost (novice HOBe)
  8483 | D:8      | Found Joreguq's Book Boutique.
  9721 | D:9      | Noticed a troll
  9728 | D:9      | Killed a troll
  9729 | D:9      | Gained mutation: You may rarely emit foul miasma when
                  | damaged in melee. [demonic ancestry]
  9729 | D:9      | Reached XP level 10. HP: 50/79 MP: 16/16
  9996 | D:9      | Identified the +6 rapier "Echumat" {venom, Will- rCorr
                  | Dex+3}
 10284 | D:9      | Bought a potion of curing for 36 gold pieces
 10365 | D:9      | Noticed a two-headed ogre
 10371 | D:9      | Killed a two-headed ogre
 10753 | D:9      | Noticed a two-headed ogre
 10765 | D:9      | Killed a two-headed ogre
 11206 | D:10     | Entered Level 10 of the Dungeon
 11304 | D:10     | Noticed Erica
 11321 | D:10     | Killed Erica
 11322 | D:10     | Reached skill level 5 in Short Blades
 11656 | D:10     | Gained mutation: A demonic guardian rushes to your aid.
                  | [demonic ancestry]
 11656 | D:10     | Reached XP level 11. HP: 75/87 MP: 17/17
 13084 | D:11     | Noticed a two-headed ogre
 13093 | D:11     | Killed a two-headed ogre
 13119 | D:11     | Noticed Fannar
 13120 | D:11     | Noticed a boulder beetle
 13200 | D:11     | Found a staircase to the Lair.
 13290 | D:11     | Noticed Snorg
 13339 | Lair:1   | Entered Level 1 of the Lair of Beasts
 13579 | Lair:1   | Identified the +5 war axe of Ozastrau {drain, rElec rPois
                  | rF+}
 13630 | Lair:1   | Identified the +2 quarterstaff of a Billion Emperors {elec,
                  | Dex+5}
 14258 | Lair:2   | Noticed Takou's ghost (journeyman AtFi)
 14258 | Lair:2   | Noticed a minotaur
 14292 | Lair:2   | Found a runed translucent gate.
 14292 | Lair:2   | Found a runed translucent gate.
 14292 | Lair:2   | Found a runed translucent gate.
 14711 | Lair:2   | Reached skill level 10 in Fighting
 14793 | Lair:2   | Gained mutation: Your touch may irresistibly damage your
                  | foes and sap their willpower. [demonic ancestry]
 14793 | Lair:2   | Reached XP level 12. HP: 64/97 MP: 2/18
 15203 | Lair:3   | Noticed a seven-headed hydra
 15215 | Lair:3   | Killed a seven-headed hydra
 15493 | Lair:3   | Noticed a seven-headed hydra
 15501 | Lair:3   | Killed a seven-headed hydra
 15774 | Lair:3   | Found a hole to the Spider Nest.
 16424 | Lair:3   | Found a staircase to the Swamp.
 16965 | Lair:4   | Found a staircase to the Slime Pits.
 16994 | Lair:4   | Reached skill level 1 in Necromancy
 17262 | Lair:4   | Noticed a six-headed hydra
 17265 | Lair:4   | Killed a six-headed hydra
 17266 | Lair:4   | Reached skill level 2 in Necromancy
 17431 | Lair:4   | Reached skill level 10 in Armour
 17682 | Lair:4   | Reached skill level 5 in Spellcasting
 17693 | Lair:4   | Reached skill level 3 in Necromancy
 18163 | Lair:5   | Entered Level 5 of the Lair of Beasts
 18495 | Lair:5   | Noticed a catoblepas
 18542 | Lair:4   | Noticed a catoblepas
 18561 | Lair:4   | Killed a catoblepas
 18712 | Lair:5   | Reached XP level 13. HP: 89/106 MP: 20/20
 18893 | Lair:5   | Noticed Sonja
 18903 | Lair:5   | Killed Sonja
 19045 | Lair:5   | Reached skill level 4 in Necromancy
 19082 | Lair:5   | Reached skill level 5 in Ice Magic
 19635 | Lair:5   | Reached skill level 5 in Necromancy
 19892 | Lair:5   | Reached skill level 6 in Necromancy
 19892 | Lair:5   | Reached skill level 1 in Fire Magic
 21330 | Lair:5   | Reached XP level 14. HP: 107/115 MP: 21/24
 21690 | D:12     | Found Poehot's Magic Scroll Shop.
 21700 | D:12     | Bought a scroll of acquirement for 884 gold pieces
 21700 | D:12     | Acquired the +3 pair of boots of the Eight Olives {rPois
                  | Int+2}
 21843 | D:11     | Killed Fannar
 21912 | D:11     | Identified the +8 chain mail of Daijeu {rElec rPois Dex-2
                  | Stlth+}
 21931 | D:11     | Found a staircase to the Orcish Mines.
 21940 | Orc:1    | Entered Level 1 of the Orcish Mines
 22259 | Orc:2    | Entered Level 2 of the Orcish Mines
 22634 | Orc:2    | Noticed Saint Roka
 22643 | Orc:2    | Reached skill level 7 in Necromancy
 22648 | Orc:2    | Killed Saint Roka
 22943 | Orc:2    | Found Liuc's Antique Armour Shoppe.
 23316 | Orc:2    | Noticed Maurice
 23382 | Orc:2    | Killed Maurice
 23595 | Orc:2    | Found Isuram's Antique Armour Emporium.
 23601 | Orc:2    | Bought an embroidered hat for 231 gold pieces
 23815 | Orc:2    | Found a staircase to the Elven Halls.
 23816 | Orc:2    | Noticed Urug
 23827 | Orc:2    | Killed Urug
 24039 | Orc:2    | Noticed an orc warlord
 24043 | Orc:2    | Paralysed by an orc sorcerer for 4 turns
 24054 | Orc:2    | Paralysed by an orc sorcerer for 2 turns
 24064 | Orc:2    | Killed an orc warlord
 24954 | Orc:2    | Gained mutation: You sometimes lose your temper in combat.
                  | [a neqoxec]
 24959 | Orc:2    | Lost mutation: You sometimes lose your temper in combat.
                  | [potion of mutation]
 24959 | Orc:2    | Gained mutation: You are agile. (Dex +4, Str/Int -1)
                  | [potion of mutation]
 24959 | Orc:2    | Gained mutation: You expend magic power (3 MP) to
                  | strengthen your wands. [potion of mutation]
 24959 | Orc:2    | Gained mutation: Your muscles are strong. (Str +4, Int/Dex
                  | -1) [potion of mutation]
 24989 | Orc:2    | Found Cutos's Antique Weapon Shoppe.
 24996 | Orc:2    | Found Gesch's Antique Armour Emporium.
 25349 | D:11     | Killed Snorg
 25350 | D:11     | Reached skill level 8 in Necromancy
 25836 | D:12     | Bought a scroll of identify for 34 gold pieces
 25836 | D:12     | Bought a scroll of identify for 34 gold pieces
 25836 | D:12     | Bought a scroll of identify for 34 gold pieces
 25836 | D:12     | Bought a scroll of identify for 34 gold pieces
 25836 | D:12     | Bought a scroll of teleportation for 51 gold pieces
 25836 | D:12     | Bought a scroll of identify for 34 gold pieces
 25860 | D:12     | Found Ziol's Antique Weapon Shop.
 25889 | D:12     | Found Dereuf's Book Shop.
 25897 | D:12     | Found Oforuc's General Store.
 25973 | D:12     | Reached skill level 1 in Evocations
 26125 | D:12     | Reached skill level 5 in Dodging
 26901 | D:13     | Found a runed translucent door.
 26902 | D:13     | Noticed Fetysam's ghost (journeyman GnWn)
 27131 | D:13     | Noticed Josephine
 27234 | D:13     | Killed Josephine
 27348 | D:13     | Reached skill level 5 in Fire Magic
 28473 | D:14     | Gained mutation: You sometimes emit foul miasma when
                  | damaged in melee. [demonic ancestry]
 28473 | D:14     | Reached XP level 15. HP: 99/124 MP: 27/27
 28586 | D:14     | Identified the +0 scale mail of Conscience {Int+2 SInv}
 28677 | D:14     | Found a runed translucent door.
 28679 | D:14     | Noticed Pijotal's ghost (journeyman DjEE)
 28719 | D:14     | Noticed Nessos
 28742 | D:14     | Killed Nessos
 28817 | D:14     | Acquired Shayle's Omnibus of Noxious Exhumation
 28975 | D:14     | Reached skill level 9 in Necromancy
 29242 | D:14     | Found a gate to the Vaults.
 29531 | D:14     | Killed Pijotal's ghost
 29536 | D:14     | Got Cyisit's Codex of Adjuration and Clouds
 29726 | Swamp:1  | Entered Level 1 of the Swamp
 29753 | Lair:3   | Learned a level 5 spell: Borgnjor's Vile Clutch
 29961 | D:15     | Entered Level 15 of the Dungeon
 30113 | D:15     | Noticed Azrael
 30121 | D:15     | Found a gate leading to a gauntlet.
 30130 | Gauntlet | Entered a Gauntlet
 30130 | Gauntlet | Found a transporter.
 30130 | Gauntlet | Found a runed translucent door.
 30130 | Gauntlet | Found a transporter.
 30132 | Gauntlet | Found a runed translucent door.
 30133 | Gauntlet | Found a transporter.
 30136 | Gauntlet | Found a transporter.
 30136 | Gauntlet | Found a transporter.
 30173 | Gauntlet | Found a transporter.
 30176 | Gauntlet | Found a transporter.
 30176 | Gauntlet | Found a transporter.
 30189 | Gauntlet | Found a transporter.
 30205 | Gauntlet | Found a transporter.
 30209 | Gauntlet | Found a runed translucent door.
 30215 | Gauntlet | Found a runed translucent gate.
 30216 | Gauntlet | Found a transporter.
 30216 | Gauntlet | Found a runed translucent gate.
 30217 | Gauntlet | Found a runed translucent gate.
 30230 | Gauntlet | Found a transporter.
 30253 | Gauntlet | Found a transporter.
 30265 | Gauntlet | Found a transporter.
 30327 | Gauntlet | Reached skill level 1 in Earth Magic
 30418 | Gauntlet | Identified the amulet of Impatience {+Blink rF+ Regen+
                  | Stlth+}
 30433 | Gauntlet | Identified the ring "Nolyilo" {rPois rCorr Str+5 Dex-3
                  | Slay+5}
 30850 | Swamp:1  | Noticed Jorgrun
 30882 | Swamp:1  | Killed Jorgrun
 31034 | Swamp:1  | Reached skill level 5 in Evocations
 31543 | Swamp:1  | Noticed Donald
 31556 | Swamp:1  | Reached skill level 10 in Necromancy
 31606 | Swamp:1  | Killed Donald
 31795 | Swamp:1  | Found a runed translucent door.
 31797 | Swamp:1  | Identified the +7 trident of the Enemy {drain, MP+9}
 31801 | Swamp:1  | Noticed MrSquiggles's ghost (journeyman MiFi)
 31803 | Swamp:1  | Noticed a tentacled monstrosity
 32097 | Swamp:2  | You are sucked into a shaft and drop 1 floor!
 32098 | Swamp:3  | Noticed a thorn hunter
 32149 | Swamp:3  | Found a runed translucent gate.
 32149 | Swamp:3  | Found a runed translucent gate.
 32150 | Swamp:3  | Found a runed translucent gate.
 32153 | Swamp:3  | Noticed flotson's ghost (adept DsDe)
 32690 | Swamp:2  | Gained mutation: A powerful demonic guardian rushes to your
                  | aid. [demonic ancestry]
 32690 | Swamp:2  | Reached XP level 16. HP: 120/133 MP: 20/28
 32922 | Swamp:2  | Noticed a tentacled monstrosity
 32950 | Swamp:2  | Killed a tentacled monstrosity
 33729 | Swamp:2  | Noticed Nikola
 33757 | Swamp:2  | Killed Nikola
 34037 | Swamp:3  | Noticed sirJeffrey23's ghost (adept DrFE)
 34192 | Swamp:3  | Found a runed translucent door.
 34676 | Swamp:3  | Killed a thorn hunter
 34889 | Swamp:2  | Killed sirJeffrey23's ghost
 35030 | Swamp:3  | Killed flotson's ghost
 35042 | Swamp:3  | Identified the +0 ring mail "Ojaule" {Harm rN+ Str-5 SInv}
 35316 | Swamp:3  | Reached skill level 11 in Necromancy
 35340 | Swamp:3  | Paralysed by you for 2 turns
 35675 | Swamp:4  | Entered Level 4 of the Swamp
 35698 | Swamp:4  | Noticed a thorn hunter
 35709 | Swamp:4  | Noticed a thorn hunter
 35830 | Swamp:4  | Paralysed by a fenstrider witch for 4 turns
 35956 | Swamp:4  | Reached skill level 5 in Earth Magic
 36270 | Swamp:4  | Killed a thorn hunter
 36778 | Swamp:4  | Noticed a tentacled monstrosity
 36786 | Swamp:4  | Killed a tentacled monstrosity
 36817 | Swamp:4  | Identified the ring "Zacvij" {Ice Fly rElec Int+6 Dex-4}
 36975 | Swamp:4  | Killed a thorn hunter
 37212 | Swamp:4  | Got a decaying rune of Zot
 37268 | Swamp:4  | Paralysed by a fenstrider witch for 2 turns
 37433 | Swamp:4  | Reached XP level 17. HP: 140/140 MP: 22/29
 38237 | Spider:1 | Entered Level 1 of the Spider Nest
 38660 | D:5      | Killed Eustachio
 38812 | D:7      | Killed GiantSquids's ghost
 39091 | D:13     | Killed Fetysam's ghost
 39092 | D:13     | Reached skill level 15 in Fighting
 39941 | Spider:1 | Learned a level 8 spell: Infestation
 40326 | Spider:1 | Reached skill level 12 in Necromancy
 42222 | Spider:2 | Reached skill level 10 in Dodging
 42380 | Spider:2 | Reached skill level 13 in Necromancy
 43494 | Spider:3 | Noticed Bai Suzhen
 43617 | Spider:3 | Reached skill level 14 in Necromancy
 43936 | Spider:4 | Entered Level 4 of the Spider Nest
 43936 | Spider:4 | Noticed Mlioglotl
 44597 | Spider:3 | Reached skill level 15 in Necromancy
 45195 | Spider:3 | Killed Bai Suzhen
 45922 | Spider:3 | Killed Mlioglotl
 46006 | Spider:4 | Gained mutation: You frequently emit foul miasma when
                  | damaged in melee. [demonic ancestry]
 46006 | Spider:4 | Reached XP level 18. HP: 124/149 MP: 20/30
 46121 | Spider:3 | Reached skill level 16 in Necromancy
 46948 | Spider:4 | Noticed Asterion
 46955 | Spider:4 | Gained mutation: You are occasionally teleported next to
                  | monsters. [a cacodemon]
 47040 | Spider:4 | Killed Asterion
 47921 | Spider:4 | Reached skill level 17 in Necromancy
 49141 | Spider:4 | Got a gossamer rune of Zot
 49551 | D:15     | Noticed Rupert
 49557 | D:15     | Paralysed by Rupert for 4 turns
 49573 | D:15     | Killed Rupert
 49687 | D:15     | Killed Azrael
 49746 | D:15     | Reached skill level 18 in Necromancy
 49764 | D:15     | Found a staircase to the Depths.
 49978 | D:15     | Noticed Roxanne
 50262 | D:15     | Killed Roxanne
 50654 | D:15     | Lost mutation: You expend magic power (3 MP) to strengthen
                  | your wands. [potion of mutation]
 50654 | D:15     | Lost mutation: Your muscles are strong. (Str +4, Int/Dex
                  | -1) [potion of mutation]
 50654 | D:15     | Lost mutation: You are agile. (Dex +4, Str/Int -1) [potion
                  | of mutation]
 50654 | D:15     | Gained mutation: Your movements are slightly less
                  | encumbered by armour. (ER -2) [potion of mutation]
 50654 | D:15     | Gained mutation: You occasionally shout uncontrollably at
                  | your foes. [potion of mutation]
 50655 | D:15     | Lost mutation: You occasionally shout uncontrollably at
                  | your foes. [potion of mutation]
 50655 | D:15     | Lost mutation: You are occasionally teleported next to
                  | monsters. [potion of mutation]
 50655 | D:15     | Gained mutation: You are somewhat resistant to further
                  | mutation. [potion of mutation]
 50655 | D:15     | Gained mutation: You are agile. (Dex +4, Str/Int -1)
                  | [potion of mutation]
 50747 | D:11     | Bought the ring of Cuicuhuh {rPois rF++ rN+++ Will- Str+4}
                  | for 1254 gold pieces
 50850 | Vaults:1 | Entered Level 1 of the Vaults
 51185 | Vaults:1 | Reached skill level 19 in Necromancy
 52218 | Vaults:1 | Reached skill level 20 in Necromancy
 52231 | Vaults:1 | Paralysed by a great orb of eyes for 5 turns
 52426 | Vaults:1 | Reached XP level 19. HP: 104/155 MP: 1/31
 52566 | Vaults:1 | Noticed Aizul
 52579 | Vaults:1 | Killed Aizul
 53105 | Vaults:1 | Reached skill level 21 in Necromancy
 53375 | Vaults:2 | Noticed Zenata
 53375 | Vaults:2 | You are sucked into a shaft and drop 1 floor!
 53445 | Abyss:2  | Cast into level 2 of the Abyss (a wizard)
 53836 | Abyss:2  | Paralysed by an air elemental for 1 turns
 54046 | Vaults:2 | Escaped the Abyss
 54094 | Vaults:2 | Noticed Frederick
 54123 | Vaults:2 | Reached skill level 22 in Necromancy
 54127 | Vaults:2 | Killed Frederick
 54777 | Vaults:2 | Killed Zenata
 54879 | Vaults:2 | Noticed Jory
 54899 | Vaults:2 | Killed Jory
 54900 | Vaults:2 | Reached skill level 23 in Necromancy
 55172 | Vaults:2 | Identified the +4 arbalest "Jizoroes" {vorpal, rF+ Dex+2}
 55559 | Vaults:3 | Found a staircase to the Crypt.
 55559 | Vaults:3 | Found a basalt altar of Yredelemnul.
 55559 | Vaults:3 | Found an ancient bone altar of Kikubaaqudgha.
 55940 | Vaults:3 | Noticed Xtahua
 55959 | Vaults:3 | Paralysed by Xtahua for 5 turns
 55967 | Vaults:3 | Paralysed by Xtahua for 2 turns
 55970 | Vaults:3 | Killed Xtahua
 56096 | Vaults:3 | Identified the +3 scimitar "Plog" {antimagic, rElec rF++}
 56241 | Vaults:3 | Gained mutation: You are mostly covered in yellow scales.
                  | (AC +3) [demonic ancestry]
 56241 | Vaults:3 | Reached XP level 20. HP: 162/162 MP: 9/32
 56767 | Vaults:3 | Reached skill level 24 in Necromancy
 57418 | Vaults:4 | Got Jipecih's Book of the Undead
 57669 | Vaults:4 | Found Hejeatt's Armour Shop.
 57866 | Vaults:4 | Found the +5 sword of Power {vorpal}
 58085 | Vaults:4 | Reached skill level 25 in Necromancy
 59819 | Elf:1    | Entered Level 1 of the Elven Halls
 59827 | Elf:1    | Found a frozen archway.
 59872 | IceCv    | Entered an ice cave
 60437 | IceCv    | Got Rics's Enchiridion on Rime
 60498 | Elf:1    | Paralysed by an air elemental for 1 turns
 60514 | Elf:1    | Noticed Frances
 60536 | Elf:1    | Killed Frances
 60974 | Elf:1    | Noticed Louise
 60999 | Elf:1    | Killed Louise
 61010 | Elf:1    | Got Dispater's Omnibus of the Union
 61012 | Elf:1    | Got the Compendium of Attacks
 61022 | Elf:1    | Learned a level 8 spell: Ignition
 61461 | Elf:2    | Found Rizut's Antique Armour Boutique.
 61473 | Elf:2    | Reached skill level 10 in Fire Magic
 61474 | Elf:2    | Found Xaopt's Armour Shop.
 61585 | Elf:2    | Found a runed translucent gate.
 61585 | Elf:2    | Found a runed translucent gate.
 61595 | Elf:2    | Found a runed translucent gate.
 61935 | Elf:2    | Found Mipur's Armour Shoppe.
 61945 | Elf:2    | Found Yrucvuqi's Assorted Antiques.
 61952 | Elf:2    | Bought a scroll of blinking for 217 gold pieces
 61952 | Elf:2    | Bought a scroll of blinking for 217 gold pieces
 61952 | Elf:2    | Bought a potion of haste for 290 gold pieces
 62137 | Elf:2    | Gained mutation: You are completely covered in yellow
                  | scales. (AC +4, rCorr) [demonic ancestry]
 62137 | Elf:2    | Reached XP level 21. HP: 159/168 MP: 19/33
 62200 | Elf:2    | Found Eheero's Jewellery Boutique.
 63295 | Elf:3    | Entered Level 3 of the Elven Halls
 63563 | Elf:3    | Slain by a deep elf blademaster

Illustrated notes

Levels and vault maps discovered:
D:1:      amcnicky_arrival_single_pillar, layout_basic, nrook_mini_backslash,
          chequers_mini_garden
D:2:      layout_basic, basic_ecumenical_altar, uniq_natasha
D:3:      layout_basic, mainiacjoe_overflow_alcove_1, portal_sewer_entry_d
D:4:      layout_basic, lemuel_round_altar, lemuel_tele_altar,
          chequers_serial_rivers_micro_b
D:5:      layout_loops_cross, kennysheep_mini,
          mainiacjoe_overflow_large_starburst, uniq_eustachio
D:6:      layout_rooms, nicolae_ossuary_entry_false_entrances
D:7:      layout_rooms, minmay_temple_entry_glassed_door,
          gammafunk_ghost_necromancy, nrook_mini_vaults, st_stairs_6
D:8:      layout_basic, serial_shops, kennysheep_mini_moat,
          kennysheep_generic_room_16
D:9:      layout_stronghold, kennysheep_cross_room, kennysheep_nondescript
D:10:     layout_basic, minmay_misc_feat_encased, uniq_erica
D:11:     layout_basic, david_lair_generic, orc_0_dummy, uniq_fannar, uniq_snorg
D:12:     nzn_motion_control, layout_rooms, serial_shops, shop, shop,
          nicolae_inconvenience_store, nicolae_stop_n_shop_2
D:13:     layout_grid_maze, ebering_ghost_reflecting_pool, uniq_josephine
D:14:     layout_loops_ring, grunt_vaults_entry_tiered, gammafunk_ghost_grave,
          uniq_nessos
D:15:     grunt_enter_depths_hoard, layout_small_grid, gauntlet_entry_generic,
          uniq_azrael, uniq_roxanne, uniq_rupert
Temple:   compressed_dpeg_triangle_lava_temple
Lair:1:   layout_roguey, nicolae_lair_grove_arrangements
Lair:2:   layout_chaotic_city, maelrawn_ghost_gauntlet_escape,
          grunt_forest_large_clearings
Lair:3:   layout_regular_city, minmay_swamp_entry_reptiles,
          nicolae_spider_entry_orb_guardian, lemuel_fruit_fields,
          grunt_megastairs_4
Lair:4:   layout_cave_pods, slime_entry_1, serial_bayou_shore_b,
          infiniplex_staircase_pool_2
Lair:5:   hangedman_lair_tendril_chambers, layout_cave_pods, uniq_sonja
Swamp:1:  layout_basic_swamp, ebering_ghost_funeral_grove,
          evilmike_swamp_ruin_house_4, uniq_donald, uniq_jorgrun
Swamp:2:  layout_basic_swamp, evilmike_swamp_ruin_rubble_1, swamp_pool1,
          nicolae_swamp_oklob_treasure_island, uniq_nikola
Swamp:3:  gammafunk_mikee_crab_dinner, layout_basic_swamp,
          gammafunk_ghost_cemetery, evilmike_swamp_ruin_house_1, swamp_pool2
Swamp:4:  swamp, layout_basic_swamp, swamp_pool4, nicolae_swamp_big_swirl,
          infiniplex_staircase_pool
Spider:1: layout_cave_pods, drop_trap, hellmonk_test_site
Spider:2: layout_cave_pods
Spider:3: layout_spider_delve, uniq_bai_suzhen
Spider:4: grunt_spider_rune_island, hellmonk_deceptive_appearances,
          uniq_mlioglotl, uniq_asterion
Orc:1:    layout_diamond_mine, basic_altar, special_room [special_room_orc]
Orc:2:    grunt_orc_community_town_hall, layout_caves,
          grunt_orc_community_big_house_2, grunt_orc_community_big_house_2,
          grunt_orc_community_house_2, grunt_orc_community_house_1,
          grunt_orc_community_house_2, grunt_orc_community_house_1,
          uniq_saint_roka, uniq_urug, uniq_maurice
Elf:1:    layout_loops_ring, portal_ice_cave_entry_ice_statue_two,
          minmay_elf_annihilation, uniq_louise, uniq_frances
Elf:2:    elven_hall_of_blades_hangedman_original
          [infiniplex_blade_entry_pillars], layout_rooms, serial_shops, shop,
          shop, shop_fountains, shop_coins, nicolae_shop_trees,
          nicolae_elf_stair_hall
Elf:3:    grunt_elf_hall_branching, layout_gridlike, serial_shops,
          nicolae_shop_window_shopping, basic_altar, minivault_20,
          small_chamber_with_monster
Vaults:1: vaults_mumra_minichess_inversion, hangedman_vaults_maws,
          nicolae_vaults_holding_cells, hangedman_vaults_slither,
          nicolae_vaults_sealed_display, nicolae_vaults_little_squares_6,
          ontoclasm_vaults_spin, v_misc_28, ontoclasm_vaults_twist,
          vaults_room_stairs_pillars, layout_vaults_ring, uniq_aizul
Vaults:2: mu_enter_wizlab_2, nicolae_vaults_yaktaur_gun_rack,
          nicolae_vaults_rhombus_6, nicolae_vaults_inception_corners,
          nicolae_vaults_three_branches, vaults_room_grunt_arrival_checkpoint,
          layout_vaults_maze_snakey, uniq_zenata, uniq_jory, uniq_frederick
Vaults:3: minmay_crypt_entry_necro_gods, v_misc_14,
          nicolae_vaults_an_arrangement, v_alt_pattern_5,
          ontoclasm_vaults_ring_small, vaults_room_pools,
          grunt_vaults_trifunnel, v_misc_17, hangedman_vaults_river_flow,
          nicolae_vaults_ninety_degrees, v_misc_30,
          nicolae_vaults_little_squares_1, vaults_room_octagon,
          layout_vaults_omnibox, uniq_xtahua
Vaults:4: nicolae_vaults_specimen_jars, vaults_room_fancy_cross,
          grunt_vaults_twisty, ontoclasm_vaults_pinch, v_misc_19,
          vaults_room_semicircle, dpeg_vaults_monster_box,
          nicolae_vaults_murderbox, nicolae_vaults_rhombus_6, v_misc_29,
          hangedman_vaults_corner_blocks, nicolae_vaults_little_squares_5,
          layout_vaults_omnicross, serial_shops, nicolae_shop_crystal

Skill      XL: |  1  2  3  4  5  6  7  8  9 10 11 12 13 14 15 16 17 18 19 20 21 |
---------------+----------------------------------------------------------------+-----
Stealth        | 1 2 3 4 5 7 9 |  9.7
Armour         | 1 2 3 4 5 6 7 9 10 | 10.8
Fighting       | 3 4 5 6 7 8 10 11 12 13 14 15 | 15.0
Ice Magic      | 1 3 4 6 |  6.0
Spellcasting   | 4 5 7 8 |  8.4
Conjurations   | 5 |  5.0
Short Blades   | 3 5 7 8 |  8.0
Necromancy     | 3 6 8 10 11 15 20 23 25 | 25.9
Dodging        | 3 5 7 8 10 | 10.0
Fire Magic     | 2 5 6 8 10 12 | 12.0
Evocations     | 2 5 7 |  7.4
Earth Magic    | 3 5 |  5.4
Axes           | |  2.6

Action                   |  1- 3 |  4- 6 |  7- 9 | 10-12 | 13-15 | 16-18 | 19-21 || total
-------------------------+-------+-------+-------+-------+-------+-------+-------++-------
Melee: Hand axe          |    25 |       |       |       |       |       |       ||    25
       War axe           |    84 |    20 |       |       |    48 |   244 |       ||   396
       Touch             |     5 |    18 |    69 |   156 |   403 |   264 |   221 ||  1136
       Dagger            |       |    99 |   183 |    70 |    27 |       |       ||   379
       Punch             |       |     1 |     4 |    11 |    28 |    21 |    19 ||    84
       Quick blade       |       |       |   151 |   618 |  1739 |   810 |   700 ||  4018
       Unarmed           |       |       |       |       |       |     1 |       ||     1
Throw: Dart              |     6 |     6 |     2 |    15 |    33 |     7 |     2 ||    71
       Throwing net      |       |       |       |     1 |     1 |     3 |       ||     5
 Cast: Hailstorm         |       |       |     6 |    25 |    27 |    20 |     3 ||    81
       Borgnjor's Vile C |       |       |       |       |    41 |   462 |   246 ||   749
       Infestation       |       |       |       |       |       |     8 |    35 ||    43
Invok: Potion Petition   |       |       |       |     1 |     9 |     6 |     8 ||    24
       Call Merchant     |       |       |       |     1 |     1 |       |       ||     2
 Abil: Evoke Blink       |       |       |       |     2 |       |     3 |       ||     5
Evoke: Wand              |       |       |       |    17 |    26 |     8 |    12 ||    63
  Use: Scroll            |       |     3 |    11 |     6 |    19 |     4 |     6 ||    49
       Potion            |       |       |     7 |     4 |     9 |    10 |     9 ||    39
 Stab: Sleeping          |     4 |     4 |     9 |    15 |    16 |    16 |     7 ||    71
       Distracted        |       |     2 |     2 |     3 |    10 |     5 |     3 ||    25
       Petrified         |       |       |       |       |     4 |       |       ||     4
       Petrifying        |       |       |       |       |     3 |       |       ||     3
       Invisible         |       |       |       |       |    14 |     1 |     5 ||    20
Armor: Leather armour    |    37 |    35 |    36 |       |       |       |       ||   108
       Ring mail         |       |       |    67 |   304 |   683 |   767 |   189 ||  2010
       Robe              |       |       |       |       |    17 |       |    46 ||    63
       Skin              |       |       |       |       |     1 |       |       ||     1
Dodge: Dodged            |    70 |    50 |   147 |   245 |   604 |   844 |   328 ||  2288

Table legend: (Time is in decaauts)
 A = Elapsed time spent in this place.
 B = Non-inter-level travel time spent in this place.
 C = Inter-level travel time spent in this place.
 D = Time resting spent in this place.
 E = Time spent auto-exploring this place.
 F = Levels seen in this place.
 G = Mean time per level.
                   A        B        C        D        E       F      G
               +--------+--------+--------+--------+--------+-----+--------+
         Total |  61204 |  56965 |   4239 |  15803 |  24752 |  43 | 1423.3 |
       Dungeon |  19909 |  17716 |   2193 |   2723 |  10377 |  15 | 1327.3 |
        Temple |      1 |      1 |      0 |      0 |      0 |   1 |    1.0 |
          Lair |   8718 |   7727 |    991 |   2402 |   3404 |   5 | 1743.6 |
         Swamp |   6762 |   6467 |    295 |   2435 |   2113 |   4 | 1690.5 |
   Spider Nest |   9887 |   9629 |    258 |   4761 |   2317 |   4 | 2471.8 |
  Orcish Mines |   2920 |   2740 |    180 |    311 |   1262 |   2 | 1460.0 |
   Elven Halls |   3063 |   3012 |     51 |    570 |   1354 |   3 | 1021.0 |
        Vaults |   7575 |   7308 |    267 |   1740 |   3681 |   4 | 1893.8 |
         Abyss |    521 |    521 |      0 |    213 |     48 |   1 |  521.0 |
         Sewer |    368 |    368 |      0 |      0 |    193 |   1 |  368.0 |
       Ossuary |    510 |    510 |      0 |    249 |      2 |   1 |  510.0 |
      Ice Cave |    568 |    568 |      0 |    324 |      0 |   1 |  568.0 |
      Gauntlet |    395 |    395 |      0 |     72 |      0 |   1 |  395.0 |
               +--------+--------+--------+--------+--------+-----+--------+

Top non-repeatable levels by time:
Spider:2: 3610 daAuts
  Lair:5: 2602 daAuts
Vaults:1: 2459 daAuts
Spider:3: 2453 daAuts
  Lair:3: 2356 daAuts
Vaults:3: 2093 daAuts
Spider:4: 2092 daAuts
    D:13: 2043 daAuts
Vaults:4: 2024 daAuts
   Orc:2: 1998 daAuts
 Swamp:3: 1941 daAuts
    D:10: 1832 daAuts
 Swamp:4: 1831 daAuts
     D:2: 1800 daAuts
   Elf:2: 1798 daAuts
